 Dungeon Crawl Stone Soup version 0.21-a0-352-g5b8f553 (webtiles) character file.

55 Hasart the Chopper (level 4, 0/35 HPs)
             Began as a Formicid Fighter on Oct 11, 2017.
             Slain by an iguana (11 damage)
             ... on level 4 of the Dungeon.
             The game lasted 00:02:21 (1420 turns).

Hasart the Chopper (Formicid Fighter)               Turns: 1420, Time: 00:02:22

Health: 0/35       AC:  6    Str: 22    XL:     4   Next: 14%
Magic:  4/4        EV:  8    Int:  7    God:
Gold:   177        SH:  9    Dex: 10    Spells: 3/3 levels left

rFire    . . .     SeeInvis +   a - +0 war axe
rCold    . . .     Gourm    .   c - +0 shield
rNeg     . . .     Faith    .   b - +0 scale mail
rPois    .         Spirit   .   (helmet unavailable)
rElec    .         Reflect  .   (no cloak)
rCorr    .         Harm     .   (no gloves)
MR       .....                  (no boots)
Stlth    ..........             (no amulet)
HPRegen  0.11/turn              (no ring)
MPRegen  0.09/turn              (no ring)

@: no status effects
A: permanent stasis, dig shafts and tunnels, four strong arms, antennae 3
a: Dig, Shaft Self


You were on level 4 of the Dungeon.
You were hungry.

You visited 1 branch of the dungeon, and saw 3 of its levels.

You collected 177 gold pieces.

Inventory:

Hand Weapons
 a - a +0 war axe (weapon)
Armour
 b - a +0 scale mail (worn)
 c - a +0 shield (worn)
Jewellery
 m - a +1 ring of evasion {unknown}
 t - an uncursed ring of resist corrosion {unknown}
Scrolls
 h - a scroll of recharging {unknown}
 l - 2 scrolls of identify {unknown}
 q - a scroll of fear {unknown}
 r - a scroll of noise {unknown}
 s - a scroll of amnesia {unknown}
Potions
 d - a potion of might
 e - a potion of degeneration {unknown}
 i - a potion of lignification {unknown}
 j - 2 potions of agility {unknown}
 n - 2 potions of cancellation {unknown}
 o - a potion of heal wounds {unknown}
Comestibles
 f - 2 bread rations
 k - 2 royal jellies
 p - 2 meat rations


   Skills:
 - Level 3.2 Fighting
 + Level 4.1 Axes
 - Level 3.2 Armour
 - Level 3.6 Shields


You had 3 spell levels left.
You didn't know any spells.

Dungeon Overview and Level Annotations

Branches:
Dungeon (2/15)

Altars:
Cheibriados


Innate Abilities, Weirdness & Mutations

You cannot be hasted, slowed, berserked, paralysed or teleported.
You can dig through walls and to a lower floor.
Your four strong arms can wield two-handed weapons with a shield.
You have a pair of large antennae on your head. (SInv)


Message History

The hound is moderately wounded.
You closely miss the iguana. The hound bites you.
The iguana bites you but does no damage.
You block the hound's attack.
The iguana bites you but does no damage.
You hit the hound.
The hound is moderately wounded.
You hit the iguana.
The hound stops to sniff the ground.
The hound bites you. The hound bites you but does no damage.
The iguana bites you.
You hit the hound.
The hound is severely wounded.
You hit the iguana. The hound bites you. You block the iguana's attack.
You block the hound's attack.
You closely miss the hound.
The hound is severely wounded.
You slash the iguana! You block the hound's attack. The iguana bites you!
The hound bites you but does no damage. The iguana bites you!
You die...

#......#
#......#
#..$...#
#......#
#......#
#......#
.#....hl#
.......@########
................
##......#######.
###.#### #. . .
##


You could see an iguana and a hound.

Vanquished Creatures
  An ooze (D:2)
  A worm (D:2)
  3 dart slugs
  3 leopard geckos (D:1)
  2 ball pythons (D:1)
  3 bats
  A giant cockroach (D:1)
  3 goblins
  6 hobgoblins
  3 jackals (D:1)
  2 kobolds (D:1)
  3 frilled lizards
  5 rats (D:1)
36 creatures vanquished.

Notes
Turn   | Place    | Note
-------+----------+-------------------------------------------
     0 | D:1      | Hasart the Formicid Fighter began the quest for the Orb.
     0 | D:1      | Reached XP level 1. HP: 18/18 MP: 1/1
    62 | D:1      | Reached XP level 2. HP: 18/24 MP: 2/2
   155 | D:1      | Reached skill level 3 in Axes
   229 | D:1      | Reached XP level 3. HP: 21/29 MP: 3/3
  1140 | D:2      | Found a snail-covered altar of Cheibriados.
  1149 | D:2      | Reached skill level 4 in Axes
  1149 | D:2      | Reached XP level 4. HP: 35/35 MP: 4/4
  1412 | D:2      | You fall through a shaft for 2 floors!
  1420 | D:4      | Slain by an iguana

Vault maps used:
D:1:      dpeg_arrival_pits, hangedman_decor_clover_reticule,
          minmay_fountain_box
D:2:      cheibriados_altar_1

Skill      XL: |  1  2  3 |
---------------+----------+-----
Axes           | 3 4 |  4.1
Fighting       | |  3.2
Armour         | |  3.2
Shields        | |  3.6

Action                   |  1- 3 |  4- 6 || total
-------------------------+-------+-------++-------
Melee: War axe           |    87 |    10 ||    97
  Eat: Chunk             |     1 |       ||     1
Armor: Scale mail        |    49 |     6 ||    55
Dodge: Dodged            |    37 |     2 ||    39
Block: Shield            |    60 |     7 ||    67

Table legend:
 A = Spawn XP
 B = Non-spawn XP
 C = Spawn XP percentage of total XP
 D = Spawn monster count
 E = Non-spawn monster count
 F = Spawn count percentage of total count
 G = Total turns spent on level
                    A         B        C        D         E        F      G
               +---------+---------+-------+---------+---------+-------+---------
         Total |       0 |      79 |   0.0 |       0 |      36 |   0.0 |  1420
               +---------+---------+-------+---------+---------+-------+---------
           D:1 |       0 |      54 |   0.0 |       0 |      28 |   0.0 |   853
           D:2 |       0 |      25 |   0.0 |       0 |       8 |   0.0 |   559
               +---------+---------+-------+---------+---------+-------+---------
